 Dungeon Crawl Stone Soup version 0.19-a0-733-geeb8733 (webtiles) character file.

295378 MrRokkomies the Fetichist (level 21, -5/134 HPs)
             Began as a Kobold Hunter on June 22, 2016.
             Was the Champion of Fedhas.
             Slain by Arkorax's ghost (24 damage)
             ... on level 3 of the Vaults.
             The game lasted 02:28:14 (41557 turns).

MrRokkomies the Fetichist (Kobold Hunter)          Turns: 41557, Time: 02:28:15

Health: -5/134     AC: 27    Str: 16    XL:     21   Next: 77%
Magic:  32/32      EV: 18    Int: 14    God:    Fedhas [******]
Gold:   2877       SH:  5    Dex: 19    Spells: 6 memorised, 2 levels left

rFire  + + .     SeeInvis +     a - +9 demon trident (vamp)
rCold  . . .     Gourm    .     U - +6 fire dragon armour
rNeg   + . .     Faith    .     (shield currently unavailable)
rPois  +         Spirit   .     j - +4 helmet "Wudwel" {rPois Slay+2}
rElec  +         Dismiss  .     (no cloak)
rCorr  .         Reflect  +     l - +1 pair of gloves {Str+3}
SustAt .         Harm     .     B - +1 pair of boots
MR     .....                    p - +5 amulet of reflection
Stlth  +.........               c - ring of see invisible
                                I - ring "Aphoguw" {Wiz rElec rC+ rN+ MR-}

@: not resistant to hostile enchantments, very unstealthy
A: carnivore 3, electricity resistance
a: Evolution, Sunlight, Growth, Reproduction, Rain, Renounce Religion
}: 2/15 runes: decaying, serpentine


You were on level 3 of the Vaults.
You worshipped Fedhas.
Fedhas was exalted by your worship.
You were not hungry.

You visited 7 branches of the dungeon, and saw 35 of its levels.
You visited the Abyss 1 time.
You also visited: Labyrinth and Ice Cave.

You collected 3536 gold pieces.
You spent 659 gold pieces at shops.

Inventory:

Hand Weapons
 a - a +9 vampiric demon trident (weapon)
Armour
 j - the +4 helmet "Wudwel" (worn) {rPois Slay+2}
   (You found it in a labyrinth)

   It affects your accuracy and damage with ranged weapons and melee attacks
   (+2).
   It protects you from poison.
 l - a +1 pair of gloves of strength (worn)
 B - a +1 pair of boots (worn)
 U - a +6 fire dragon armour (worn)
Jewellery
 c - a ring of see invisible (right hand)
 p - a +5 amulet of reflection (around neck)
 r - an uncursed ring of protection from fire
 I - the ring "Aphoguw" (left hand) {Wiz rElec rC+ rN+ MR-}
   (You found it on level 9 of the Dungeon)

   [ring of wizardry]

   It improves your spell success rate.
   It protects you from cold.
   It insulates you from electricity.
   It protects you from negative energy.
   It affects your resistance to hostile enchantments.
Wands
 h - a wand of paralysis (17/24)
 k - a wand of lightning (7/15)
 q - a wand of disintegration (9/24)
 s - a wand of iceblast (6/15)
 v - a wand of paralysis (13/24)
 y - a wand of heal wounds (2/9)
 C - a wand of acid (7/15)
 D - a wand of disintegration (14/24)
 G - a wand of iceblast (3/15)
 H - a wand of lightning (4/15)
 L - a wand of teleportation (4/9)
 R - a wand of acid (3/15)
 T - a wand of paralysis (19/24)
 X - a wand of digging (7/24)
 Z - a wand of lightning (9/15)
Scrolls
 d - 5 scrolls of blinking
 e - 14 scrolls of remove curse
 g - 3 scrolls of fear
 i - 2 scrolls of identify
 o - 6 scrolls of fog
 t - 7 scrolls of recharging
 x - 3 scrolls of teleportation
 J - a scroll of immolation
 K - 2 scrolls of silence
 P - a scroll of magic mapping
Potions
 b - a potion of resistance
 m - 7 potions of brilliance
 n - 12 potions of flight
 w - a potion of ambrosia
 z - 4 potions of agility
 F - 11 potions of curing
 N - 4 potions of might
 O - 3 potions of magic
 S - a potion of lignification
 W - a potion of berserk rage
Miscellaneous
 u - a phial of floods
 A - a crystal ball of energy
 Q - a lamp of fire
Comestibles
 f - 21 meat rations
 E - 13 beef jerkies
 V - 3 slices of pizza
 Y - 14 royal jellies


   Skills:
 - Level 15.0 Fighting
   Level 9.0 Maces & Flails
 - Level 14.1 Polearms
   Level 8.2 Crossbows
 - Level 8.0 Armour
 - Level 15.2 Dodging
 - Level 1.3 Stealth
 * Level 6.4 Charms
 * Level 8.1 Summonings
 - Level 14.7 Invocations
 - Level 15.7 Evocations


You had 2 spell levels left.
You knew the following spells:

 Your Spells              Type           Power        Failure   Level  Hunger
a - Shroud of Golubria    Chrm/Tloc      #.........   22%         2    ###....
b - Song of Slaying       Chrm           ###.....     6%          2    ###....
c - Spectral Weapon       Hex/Chrm       #.......     54%         3    ####...
d - Regeneration          Chrm/Necr      #.........   54%         3    ####...
e - Recall                Summ/Tloc      N/A          34%         3    ####...
f - Summon Mana Viper     Hex/Summ       ##......     99%         5    ######.


Dungeon Overview and Level Annotations

Branches:
Dungeon (15/15)            Temple (0/1) D:7            Lair (6/6) D:8
  Swamp (4/4) Lair:3        Snake (4/4) Lair:4        Slime (1/5) Lair:5
    Orc (2/2) D:11            Elf (0/3) Orc:2        Vaults (3/5) D:14
  Crypt (0/3) Vaults:2     Depths (0/5) D:15

Altars:
Cheibriados
Dithmenos
Elyvilon
Fedhas
Gozag
Hepliaklqana
Kikubaaqudgha
Makhleb
Pakellas
Ru
Trog
Uskayaw
Xom
Yredelemnul
Beogh

Shops:
D:10 *   Orc:2 (%}(

Annotations:
Snake:1 exclusion: Roxanne, Roxanne
Vaults:3 Arkorax's ghost, adept MiGl


Innate Abilities, Weirdness & Mutations

You are small and have problems with some larger weapons.
You are carnivorous and can eat meat at any time.
You are resistant to electric shocks. (rElec)


Message History

Arkorax's ghost is lightly damaged.
Arkorax's ghost hits you but does no damage.
You puncture Arkorax's ghost!
Arkorax's ghost is lightly damaged.
You hit Arkorax's ghost but do no damage.
Arkorax's ghost is lightly damaged.
Arkorax's ghost hits you!!
You miss Arkorax's ghost.
Arkorax's ghost is lightly damaged.
Arkorax's ghost hits you!!!
* * * LOW HITPOINT WARNING * * *
Your fire dragon armour prevents you from hitting Arkorax's ghost.
Arkorax's ghost is lightly damaged.
You hit Arkorax's ghost.
Arkorax's ghost is lightly damaged.
Arkorax's ghost closely misses you.
There is a stone staircase leading up here.
Arkorax's ghost hits you!!
You die...
Fedhas appreciates your contribution to the ecosystem.

......#(.
.....'.
....#
#####...#
#...#...#
#..((...#
####c..#...#
#..W########
#.@.# +...#
#####


You could see a yaktaur and Arkorax's ghost.

Vanquished Creatures
  Saint Roka (Snake:2)
  Asterion (Snake:3)
  Rupert (Lair:3)
  Kirke (Lair:6)
  Agnes (Snake:1)
  Donald (Snake:2)
  3 vault wardens
  7 greater nagas
  A frost giant (Vaults:2)
  Aizul (Snake:1)
  Maud (D:11)
  3 ironheart preservers
  A dire elephant (D:15)
  An ettin (shapeshifter) (Vaults:2)
  Snorg (Orc:1)
  A minotaur (Lab)
  6 fire dragons
  2 yaktaur captains
  Harold (D:10)
  2 great orbs of eyes (Vaults:2)
  A rakshasa (Vaults:2)
  12 vault guards
  16 hydras
  3 ghost crabs
  11 naga warriors
  6 centaur warriors
  A death knight (D:15)
  8 anacondas
  7 ogre magi
  4 alligators
  6 shock serpents
  An orc high priest (Vaults:1)
  Urug (Lair:3)
  24 naga sharpshooters
  5 wandering mushrooms
  The ghost of runewalsh the Martial Artist, a novice OpTm of Gozag (D:9)
  A deep elf knight (Vaults:2)
  A fire crab (Swamp:4)
  14 skeletal warriors
  A spriggan druid (Swamp:2)
  A death drake (Swamp:2)
  7 swamp dragons
  6 wizards
  7 naga ritualists
  3 unseen horrors
  15 mana vipers
  13 hill giants
  6 lindwurms
  10 orc knights
  3 ironbrand convokers
  Pikel (D:6)
  9 cyclopes
  4 hornets
  4 wolf spiders
  5 orc sorcerers
  24 ugly things
  3 deep elf magi
  5 griffons
  A manticore (D:10)
  9 salamanders
  37 black mambas
  3 torpor snails
  28 naga magi
  4 elephants (Lair:2)
  4 vault sentinels
  3 guardian serpents
  13 spiny frogs
  10 gargoyles
  5 kobold demonologists
  3 komodo dragons
  2 rime drakes
  2 freezing wraiths (D:15)
  17 yaktaurs
  A tengu conjurer (D:10)
  3 meliai (D:14)
  A merfolk (D:15)
  A troll (shapeshifter) (D:15)
  A polar bear (Lair:5)
  A human skeleton (Vaults:2)
  8 trolls
  An ancient zyme (Abyss:2)
  10 ice devils (IceCv)
  16 two-headed ogres
  Grinder (D:3)
  A large abomination (Abyss:2)
  A queen bee (shapeshifter) (D:13)
  A queen bee (D:14)
  3 giant leeches
  3 raiju (Abyss:2)
  2 boulder beetles
  Prince Ribbit (D:9)
  29 slime creatures
  A minotaur skeleton (Lab)
  12 blink frogs
  An ettin skeleton (Vaults:2)
  4 starcursed masses (Abyss:2)
  Sigmund (D:3)
  A shadow (Swamp:3)
  4 wraiths
  2 vampires (D:13)
  2 spriggans (Swamp:2)
  4 basilisks (Lab)
  A human (shapeshifter) (Vaults:1)
  35 yaks
  10 wyverns
  2 hogs (Lair:6)
  10 hippogriffs
  A hog (shapeshifter) (D:15)
  Grum (D:10)
  4 hungry ghosts
  2 steam dragons (Swamp:4)
  32 vampire mosquitoes
  13 swamp worms
  8 insubstantial wisps
  4 mottled dragons
  9 wargs
  A spiny frog zombie (Swamp:3)
  45 nagas
  8 porcupines
  17 water moccasins
  A small abomination (Abyss:2)
  14 swamp drakes
  4 slaves (D:6)
  31 orc warriors
  2 sky beasts
  2 black bears
  2 eyes of draining
  4 wasps
  A phantom (D:6)
  3 ice beasts
  42 ogres
  17 centaurs
  3 boggarts (Vaults:2)
  6 wolves
  An elf skeleton (Vaults:2)
  8 crocodiles
  A big kobold (D:9)
  29 giant frogs
  Blork the orc (D:5)
  30 killer bees
  7 howler monkeys
  4 wights (D:9)
  6 crimson imps
  5 lava snakes
  A quasit (D:9)
  11 orc priests
  6 centaur skeletons
  3 hounds
  3 jellies
  4 giant frog skeletons
  17 orc wizards
  5 iguanas
  Natasha (thrice) (D:2 D:3)
  15 worker ants
  28 sheep
  3 hound skeletons
  A worker ant zombie (D:11)
  A howler monkey skeleton (D:8)
  8 gnolls (D:2)
  30 river rats
  26 adders
  4 shadow imps
  5 white imps (IceCv)
  7 ufetubi (IceCv)
  2 oozes
  2 adder skeletons
  3 worms
  A dart slug (D:2)
  4 giant geckos
  74 orcs
  4 ball pythons
  4 goblins
  5 hobgoblins
  9 jackals
  5 kobolds
  2 quokkas
  12 bats
  A giant gecko skeleton (D:5)
  A giant gecko zombie (D:6)
  A giant newt (D:1)
  18 rats
  2 toadstools (Orc:2)
1303 creatures vanquished.

Vanquished Creatures (collateral kills)
  A greater naga (Snake:4)
  Nessos (Lair:6)
  A fire dragon (Swamp:4)
  A hydra (Lair:6)
  3 naga warriors
  A ghost crab (Swamp:2)
  A shock serpent (Snake:2)
  2 naga sharpshooters (Snake:4)
  2 naga ritualists (Snake:4)
  2 swamp dragons
  The ghost of Ordine the Transmogrifier, a novice OpTm of Cheibriados (D:8)
  A slime creature (Swamp:2)
  An elephant (Lair:2)
  6 black mambas
  A torpor snail (Lair:1)
  3 naga magi
  2 spiny frogs
  2 two-headed ogres (Orc:2)
  A hog (Lair:6)
  A shadow (Swamp:1)
  8 yaks
  2 wyverns (Lair:6)
  A hungry ghost (D:8)
  9 nagas
  An insubstantial wisp (Swamp:4)
  A water moccasin (Lair:6)
  A porcupine (Lair:1)
  A sky beast (D:8)
  6 ogres
  A centaur (D:13)
  2 crocodiles
  2 giant frogs
  4 killer bees
  An orc wizard (D:9)
  2 sheep (Lair:2)
  A river rat (Lair:3)
  An adder skeleton (D:8)
  A bat (D:8)
  A rat (D:8)
  2 plants (Snake:4)
82 creatures vanquished.

Vanquished Creatures (others)
  A greater naga (Snake:4)
  3 oklob plants
  2 hydras
  A naga warrior (Snake:4)
  An alligator (Swamp:2)
  An unseen horror (Vaults:1)
  A shambling mangrove (Swamp:2)
  A naga ritualist (Snake:4)
  A necromancer (Vaults:2)
  A hornet (Swamp:2)
  A cyclops (Vaults:1)
  A mana viper (Snake:3)
  2 spiny frogs (Swamp:2)
  2 yaktaurs (Vaults:2)
  A giant leech (Swamp:2)
  6 bog bodies
  A shadow (Swamp:4)
  A steam dragon (Swamp:4)
  5 swamp worms
  A mottled dragon (Swamp:4)
  A naga (Snake:3)
  An insubstantial wisp (Swamp:3)
  3 swamp drakes
  A killer bee zombie (D:8)
  A worker ant zombie (D:11)
  2 white imps (IceCv)
  3 ufetubi (IceCv)
  50 wandering mushrooms
  An orc (Orc:1)
  A giant cockroach zombie (D:5)
  5 fungi
  8 plants
  1308 toadstools
  5 withered plants (Swamp:2)
1424 creatures vanquished.

Grand Total: 2809 creatures vanquished

Notes
Turn   | Place    | Note
--------------------------------------------------------------
     0 | D:1      | MrRokkomies the Kobold Hunter began the quest for the Orb.
     0 | D:1      | Reached XP level 1. HP: 12/12 MP: 1/1
    71 | D:1      | Reached skill level 5 in Crossbows
   353 | D:1      | Reached XP level 2. HP: 18/18 MP: 2/2
  1076 | D:2      | Reached XP level 3. HP: 18/23 MP: 3/3
  1150 | D:2      | Found a bloodstained altar of Trog.
  1150 | D:2      | Found an ancient bone altar of Kikubaaqudgha.
  1334 | D:2      | Noticed Natasha
  1341 | D:2      | Killed Natasha
  1341 | D:2      | Reached XP level 4. HP: 19/28 MP: 4/4
  1491 | D:2      | Reached XP level 5. HP: 27/33 MP: 5/5
  1564 | D:2      | Found a blossoming altar of Fedhas.
  1589 | D:2      | Became a worshipper of Fedhas Madash
  1648 | D:2      | Noticed Natasha
  1655 | D:2      | Killed Natasha
  2110 | D:2      | Reached XP level 6. HP: 39/39 MP: 6/6
  2263 | D:3      | Noticed Sigmund
  2267 | D:3      | Reached * piety under Fedhas
  2306 | D:3      | Killed Sigmund
  2306 | D:3      | Reached skill level 5 in Fighting
  2329 | D:3      | Noticed Natasha
  2330 | D:3      | Reached XP level 7. HP: 31/44 MP: 7/7
  2340 | D:3      | Killed Natasha
  2586 | D:3      | Noticed Grinder
  2587 | D:3      | Paralysed by Grinder for 3 turns
  2613 | D:3      | Killed Grinder
  2944 | D:3      | Found an oddly glowing altar of Pakellas.
  3477 | D:4      | Reached XP level 8. HP: 52/52 MP: 8/8
  3566 | D:4      | Got a polished hand axe
  3567 | D:4      | Identified the +8 hand axe "Keuseora" {chop, *Contam +Blink Int+3} (You found it on level 4 of the Dungeon)
  3586 | D:4      | Found a shimmering altar of Xom.
  3855 | D:5      | Entered Level 5 of the Dungeon
  4317 | D:5      | Noticed Blork the orc
  4334 | D:5      | Killed Blork the orc
  4817 | D:5      | Reached skill level 5 in Dodging
  4881 | D:5      | Reached ** piety under Fedhas
  5167 | D:5      | Found a shimmering altar of Xom.
  5872 | D:6      | Found an oddly glowing altar of Pakellas.
  5872 | D:6      | Found a hide-covered altar of Uskayaw.
  5891 | D:6      | Reached XP level 9. HP: 35/60 MP: 9/9
  6062 | D:6      | Noticed Pikel
  6112 | D:6      | Killed Pikel
  6355 | D:6      | Reached skill level 1 in Maces & Flails
  6970 | D:7      | Found a staircase to the Ecumenical Temple.
  7183 | D:7      | Found a basalt altar of Yredelemnul.
  7559 | D:8      | Noticed Ordine's ghost (novice OpTm)
  7617 | D:8      | Reached skill level 10 in Fighting
  7701 | D:8      | Reached XP level 10. HP: 30/68 MP: 10/10
  7865 | D:8      | Found a hazy altar of Hepliaklqana.
  8029 | D:8      | Found an opulent altar of Gozag.
  8068 | D:8      | Found a sacrificial altar of Ru.
  8122 | D:8      | Killed Ordine's ghost
  8122 | D:8      | Reached skill level 5 in Maces & Flails
  8208 | D:8      | HP: 3/69 [yak (13)]
  8528 | D:8      | Found a white marble altar of Elyvilon.
  8676 | D:8      | Found a blossoming altar of Fedhas.
  8743 | D:8      | Found a staircase to the Lair.
  8939 | D:9      | Reached *** piety under Fedhas
  8957 | D:9      | Found a shadowy altar of Dithmenos.
  9451 | D:9      | Noticed a deep elf mage
  9467 | D:9      | Killed a deep elf mage
  9667 | D:9      | Reached XP level 11. HP: 44/76 MP: 11/11
  9875 | D:9      | Reached skill level 1 in Invocations
 10470 | D:9      | Found a burning altar of Makhleb.
 10487 | D:9      | Noticed runewalsh's ghost (novice OpTm)
 10496 | D:9      | Killed runewalsh's ghost
 10599 | D:9      | Noticed Prince Ribbit
 10608 | D:9      | Killed Prince Ribbit
 10668 | D:9      | Got a faintly glowing glass ring
 10680 | D:9      | Identified the ring "Aphoguw" {Wiz rElec rC+ rN+ MR-} (You found it on level 9 of the Dungeon)
 10946 | Lair:1   | Entered Level 1 of the Lair of Beasts
 10966 | Lair:1   | Found a frozen archway.
 10976 | IceCv    | Entered an ice cave
 11482 | IceCv    | Reached skill level 5 in Invocations
 12898 | IceCv    | Got a dazzling ice dragon armour
 12909 | IceCv    | Identified the +8 ice dragon armour of a labyrinth {-Cast rPois rF- rC++ Regen+ Dex-2} (You found it in an ice cave)
 13080 | Lair:1   | Reached skill level 1 in Polearms
 13347 | Lair:1   | Reached XP level 12. HP: 81/81 MP: 16/16
 13466 | Lair:1   | Reached **** piety under Fedhas
 13711 | Lair:1   | Noticed an eight-headed hydra
 13731 | Lair:1   | Killed an eight-headed hydra
 13898 | Lair:1   | Found a snail-covered altar of Cheibriados.
 14107 | Lair:2   | Reached skill level 5 in Polearms
 15023 | Lair:3   | Noticed Urug
 15053 | Lair:3   | Killed Urug
 15060 | Lair:3   | Reached ***** piety under Fedhas
 15225 | Lair:3   | Noticed Rupert
 15259 | Lair:3   | Killed Rupert
 15259 | Lair:3   | Reached XP level 13. HP: 86/86 MP: 15/17
 15296 | Lair:3   | Found a staircase to the Swamp.
 15783 | Lair:4   | Found a staircase to the Snake Pit.
 16177 | Lair:4   | Reached skill level 10 in Polearms
 16683 | Lair:5   | Found a staircase to the Slime Pits.
 17366 | Lair:5   | Noticed a seven-headed hydra
 17383 | Lair:5   | Killed a seven-headed hydra
 17462 | Lair:5   | Learned a level 2 spell: Shroud of Golubria
 17465 | Lair:5   | Learned a level 2 spell: Song of Slaying
 17469 | Lair:5   | Learned a level 3 spell: Spectral Weapon
 17473 | Lair:5   | Learned a level 3 spell: Regeneration
 17517 | Lair:6   | Entered Level 6 of the Lair of Beasts
 17657 | Lair:6   | Noticed Kirke
 17689 | Lair:6   | Killed Kirke
 17782 | Lair:6   | Reached XP level 14. HP: 51/92 MP: 18/18
 18213 | Lair:6   | Reached ****** piety under Fedhas
 18221 | Lair:6   | Noticed Nessos
 18235 | Lair:6   | Killed Nessos
 18929 | D:10     | Entered Level 10 of the Dungeon
 18929 | D:10     | Found Qisiti's Assorted Antiques.
 19027 | D:10     | Noticed Harold
 19049 | D:10     | Killed Harold
 19507 | D:10     | Reached skill level 1 in Armour
 19566 | D:10     | Noticed Grum
 19577 | D:10     | Killed Grum
 20089 | D:11     | Found a labyrinth entrance.
 20095 | Lab      | Entered a labyrinth
 21456 | Lab      | Got a bloodstained helmet
 21462 | Lab      | Identified the +4 helmet "Wudwel" {rPois Slay+2} (You found it in a labyrinth)
 21475 | Lab      | Identified a -3 rod of shadows (14/14) (You found it on level 10 of the Dungeon)
 21476 | Lab      | Identified a +8 rod of inaccuracy (14/14) (You found it on level 5 of the Lair of Beasts)
 21523 | D:11     | Reached skill level 1 in Evocations
 21587 | D:11     | Reached XP level 15. HP: 91/96 MP: 19/19
 21664 | D:11     | Noticed Maud
 21683 | D:11     | Killed Maud
 21821 | D:11     | Found a staircase to the Orcish Mines.
 22444 | Slime:1  | Entered Level 1 of the Pits of Slime
 22633 | Orc:1    | Entered Level 1 of the Orcish Mines
 22765 | Orc:1    | Found a burning altar of Makhleb.
 22826 | Orc:1    | Noticed Snorg
 22850 | Orc:1    | Killed Snorg
 23080 | Orc:1    | Reached skill level 5 in Armour
 23080 | Orc:1    | Reached skill level 5 in Evocations
 23172 | Orc:2    | Entered Level 2 of the Orcish Mines
 23289 | Orc:2    | Paralysed by an orc sorcerer for 6 turns
 23472 | Orc:2    | Cast into level 2 of the Abyss (an ogre mage)
 23625 | Orc:2    | Escaped the Abyss
 23779 | Orc:2    | Found Farefoc's Weapon Shoppe.
 23779 | Orc:2    | Found Rely's Food Boutique.
 23780 | Orc:2    | Found Nyhiu's Gadget Boutique.
 23780 | Orc:2    | Found Dateij's Antique Weapon Emporium.
 23835 | Orc:2    | Bought 2 fruits for 33 gold pieces
 23835 | Orc:2    | Bought 4 fruits for 66 gold pieces
 23844 | Orc:2    | Found a roughly hewn altar of Beogh.
 23944 | Orc:2    | Found a staircase to the Elven Halls.
 24268 | D:10     | Bought a polished plate armour for 560 gold pieces
 24268 | D:10     | Identified the +7 plate armour "Cacwit" {*Corrode Int+6} (You bought it in a shop on level 10 of the Dungeon)
 24752 | D:12     | Identified a scroll of acquirement
 25220 | D:13     | Reached XP level 16. HP: 101/101 MP: 22/22
 26038 | D:14     | Reached skill level 10 in Evocations
 26244 | D:14     | Found a gate to the Vaults.
 26742 | D:15     | Entered Level 15 of the Dungeon
 27429 | D:15     | Reached XP level 17. HP: 110/110 MP: 26/26
 27542 | D:15     | Found a staircase to the Depths.
 28057 | Swamp:1  | Entered Level 1 of the Swamp
 29244 | Swamp:2  | Noticed a thorn hunter
 29756 | Swamp:3  | Noticed a thorn hunter
 29945 | Swamp:3  | Reached skill level 15 in Fighting
 30408 | Swamp:4  | Entered Level 4 of the Swamp
 30681 | Swamp:4  | Reached skill level 15 in Evocations
 31074 | Swamp:4  | Noticed a thorn hunter
 31177 | Swamp:4  | Got a decaying rune of Zot
 31597 | Snake:1  | Entered Level 1 of the Snake Pit
 31632 | Snake:1  | Reached XP level 18. HP: 117/119 MP: 29/29
 31793 | Snake:1  | Noticed Agnes
 31809 | Snake:1  | Killed Agnes
 32094 | Snake:1  | Noticed Aizul
 32120 | Snake:1  | Killed Aizul
 32201 | Snake:1  | Noticed Roxanne
 32944 | Snake:1  | Reached skill level 10 in Invocations
 33146 | Snake:2  | Noticed Asterion
 33188 | Snake:1  | Reached skill level 10 in Dodging
 33380 | Snake:2  | Noticed Saint Roka
 33428 | Snake:2  | Killed Saint Roka
 33704 | Snake:2  | Noticed Donald
 33733 | Snake:2  | Killed Donald
 34636 | Snake:3  | Reached XP level 19. HP: 124/124 MP: 30/30
 34984 | Snake:3  | Gained mutation: You are resistant to electric shocks. (rElec) [a cacodemon]
 34986 | Snake:3  | Killed Asterion
 35136 | Snake:3  | Reached XP level 20. HP: 129/129 MP: 31/31
 35688 | Snake:4  | Entered Level 4 of the Snake Pit
 36363 | Snake:4  | Got a serpentine rune of Zot
 37022 | Snake:4  | Reached skill level 15 in Dodging
 37477 | Lair:1   | Learned a level 3 spell: Recall
 37483 | Lair:1   | Learned a level 5 spell: Summon Mana Viper
 37669 | Vaults:1 | Entered Level 1 of the Vaults
 37714 | Vaults:1 | Reached skill level 1 in Summonings
 37790 | Vaults:1 | Reached skill level 1 in Charms
 37907 | Vaults:1 | Reached XP level 21. HP: 134/134 MP: 32/32
 38601 | Vaults:1 | Reached skill level 5 in Summonings
 39279 | Vaults:2 | Reached skill level 5 in Charms
 39475 | Vaults:2 | Got a jewelled arbalest
 39476 | Vaults:2 | Identified the +6 arbalest of the Girdle {freeze, *Corrode rC+ Dex+4} (You found it on level 2 of the Vaults)
 39867 | Vaults:2 | Paralysed by a great orb of eyes for 5 turns
 40115 | Vaults:2 | Found a staircase to the Crypt.
 40115 | Vaults:2 | Found a basalt altar of Yredelemnul.
 40116 | Vaults:2 | Found an ancient bone altar of Kikubaaqudgha.
 41531 | Vaults:3 | Noticed Arkorax's ghost (adept MiGl)
 41557 | Vaults:3 | Slain by Arkorax's ghost

Vault maps used:
D:1:      dpeg_arrival_concentric_ovals
D:2:      gammafunk_temple_overflow_pools, fedhas_altar_2, uniq_natasha
D:3:      first_bread, johnstein_pakellas_death_squad, uniq_sigmund,
          uniq_grinder
D:4:      xom_teletrap_fun, kennysheep_nondescript
D:5:      st_stairs_12, lemuel_statue_altar, uniq_blork_the_orc
D:6:      amethyst_overflow_temple_binary, st_stairs_8, uniq_pikel
D:7:      lemuel_round_altar, minmay_misc_feat_enclosed, grunt_ministairs_11,
          grunt_ogre_cave
D:8:      grunt_gozag_breadcrumbs, lemuel_coloured_pillars_altar,
          marbit_many_paths, lemuel_doored_altar,
          grunt_lair_entry_orc_guard_hut, nicolae_ru_awakened_eye
D:9:      nicolae_dithmenos_the_darkroom, old_standard_altar,
          uniq_prince_ribbit1
D:10:     minmay_curly_fans, serial_shops, shop, uniq_harold, uniq_grum
D:11:     david_orc_1_choice, lab_entry_generic, uniq_maud
D:13:     minmay_wizard_corner
D:14:     erik_vaults_2, minmay_misc_feat_five, special_room
D:15:     hangedman_depths_entry_try_elsewhere_first
Lair:1:   minmay_lair_oklob_items, portal_ice_cave_entry_pillars_1,
          kennysheep_snail_temple
Lair:3:   swamp_mist, minmay_lair_oklob_bushes, uniq_rupert, uniq_urug
Lair:4:   minmay_snake_entry_six_corridors
Lair:5:   minmay_slime_entry_oklob_open, minmay_lindwurm_lava,
          grunt_megastairs_5, lemuel_fruit_fields, lemuel_fruit_fields
Lair:6:   hangedman_lair_tendril_chambers, uniq_nessos, uniq_kirke
Swamp:1:  nicolae_swamp_round_clearing, swamp_pool2, cheibrodos_swamp_kobolds
Swamp:2:  cheibrodos_swamp_mausoleum, evilmike_swamp_ruin_house_6
Swamp:3:  serial_swamp_ruin, evilmike_swamp_ruin_house_4,
          evilmike_swamp_ruin_house_2, infiniplex_staircase_pool_2
Swamp:4:  swamp_fiery, swamp_pool1
Snake:1:  uniq_aizul, uniq_agnes, uniq_roxanne
Snake:2:  special_room, grunt_ministairs_7, spider_trap, uniq_donald,
          uniq_saint_roka, uniq_asterion
Snake:3:  nicolae_snake_lava_pool
Snake:4:  snake_pit, serial_bayou_pond_a
Orc:1:    basic_altar, uniq_erica, uniq_josephine, uniq_snorg, uniq_erolcha
Orc:2:    st_orc_ogre_mass, nicolae_orc_lost_temple
Vaults:1: v_misc_3, vaults_dpeg_diagonal, v_misc_15, v_misc_33,
          ontoclasm_vaults_ring_large, nicolae_vaults_mini_display_case,
          nicolae_vaults_circle_grid_a, vaults_room_semicircle,
          special_room_vaults, v_misc_15, v_misc_17,
          ontoclasm_vaults_decontamination, vaults_dpeg_hooks
Vaults:2: vaults_standard_mumra_lines, nicolae_vaults_yaktaur_gun_rack,
          ontoclasm_vaults_tryst, ontoclasm_vaults_chip,
          minmay_crypt_entry_necro_gods, v_misc_10, v_misc_5
Vaults:3: nicolae_vaults_disjoint_gnomons, v_misc_25, grunt_vaults_bifocal,
          hangedman_vaults_nodes, v_misc_2, v_alt_pattern_4,
          grunt_vaults_hallway_short, v_misc_8, v_alt_pattern_5, v_misc_27,
          nicolae_vaults_little_squares_4, vaults_room_fours,
          ontoclasm_vaults_twist, serial_shops, nicolae_shop_overgrown_old_shop
Abyss:2:  minivault_27
Lab:      lab_hedge, labyrinth_glass_1, nicolae_lab_flowing_pool,
          labyrinth_skeletal_remains, nicolae_lab_hexagon, nicolae_lab_quarters,
          nicolae_lab_arrow
IceCv:    ice_cave_small_demon

Skill      XL: |  1  2  3  4  5  6  7  8  9 10 11 12 13 14 15 16 17 18 19 20 21 |
---------------+----------------------------------------------------------------+-----
Crossbows      | 5 6 7 8 |  8.2
Fighting       | 3 4 5 6 8 10 12 13 15 | 15.0
Dodging        | 3 6 7 9 12 13 15 | 15.2
Maces & Flails | 4 7 9 |  9.0
Invocations    | 6 8 11 12 14 | 14.7
Polearms       | 2 9 12 14 | 14.1
Armour         | 3 7 8 |  8.0
Evocations     | 1 9 12 15 | 15.7
Summonings     | 2 8 |  8.1
Charms         | 1 6 |  6.4
Stealth        | |  1.3

Action                   |  1- 3 |  4- 6 |  7- 9 | 10-12 | 13-15 | 16-18 | 19-21 || total
-------------------------+-------+-------+-------+-------+-------+-------+-------++-------
Melee: Short sword       |    61 |    66 |   137 |       |       |       |       ||   264
       Dagger            |       |       |     8 |       |       |       |       ||     8
       Whip              |       |       |    93 |   491 |       |       |       ||   584
       Flail             |       |       |       |    24 |       |       |       ||    24
       Demon trident     |       |       |       |   330 |  1473 |  2156 |  1772 ||  5731
 Fire: Hand crossbow     |       |    32 |    53 |    96 |       |       |       ||   181
Throw: Throwing net      |       |       |       |     1 |       |       |       ||     1
Invok: Evolution         |       |     1 |     2 |     8 |    21 |    27 |    13 ||    72
       Growth            |       |       |       |       |       |     1 |     1 ||     2
       Rain              |       |       |       |       |       |       |     1 ||     1
Evoke: Wand              |       |       |       |     1 |       |     5 |     6 ||    12
       Phantom mirror    |       |       |       |       |     1 |       |       ||     1
  Use: Scroll            |       |     9 |     4 |    16 |    27 |    13 |     6 ||    75
       Potion            |       |       |     6 |     3 |     9 |     5 |     3 ||    26
 Stab: Sleeping          |     7 |     3 |     3 |     4 |       |       |       ||    17
       Confused          |       |       |       |     7 |     4 |     5 |     6 ||    22
       Held in net/web   |       |       |       |     3 |       |       |       ||     3
       Distracted        |       |       |       |     3 |       |     2 |     1 ||     6
  Eat: Chunk             |     2 |     3 |    16 |    25 |    28 |    23 |    22 ||   119
       Pizza             |       |       |       |     3 |       |     1 |       ||     4
       Meat ration       |       |       |       |     2 |     1 |     2 |       ||     5
       Beef jerky        |       |       |       |     1 |       |       |       ||     1
Armor: Leather armour    |     2 |       |    15 |    69 |       |       |       ||    86
       Robe              |     4 |     6 |    21 |       |       |       |       ||    31
       Ring mail         |       |     7 |       |       |       |       |       ||     7
       Ice dragon armour |       |       |       |   162 |   453 |   783 |   200 ||  1598
       Fire dragon armou |       |       |       |       |       |       |   262 ||   262
Dodge: Dodged            |    35 |    65 |   198 |   783 |   810 |  1216 |   955 ||  4062
Block: Other             |       |       |       |       |    94 |   335 |   253 ||   682
       Reflection        |       |       |       |       |     4 |    16 |    32 ||    52
